 Dungeon Crawl Stone Soup version 0.23-b1-6-ga921848 (webtiles) character file.

Game seed: 6156290596542625705

9081 vatarom the Destroyer (level 11, -2/91 HPs)
             Began as a Pale Draconian Ice Elementalist on Feb 1, 2019.
             Was an Elder of Vehumet.
             Slain by a polar bear (20 damage)
             ... on level 11 of the Dungeon.
             The game lasted 00:43:02 (17015 turns).

vatarom the Destroyer (DrIE)                       Turns: 17015, Time: 00:43:02

Health: -2/91      AC:  9    Str: 12    XL:     11   Next: 18%
Magic:  18/23      EV: 14    Int: 18    God:    Vehumet [****..]
Gold:   580        SH:  0    Dex: 11    Spells: 5/26 levels left

rFire    . . .     SeeInvis .   d - +2 dagger (holy)
rCold    . . .     Gourm    .   (no shield)
rNeg     + . .     Faith    .   (armour unavailable)
rPois    .         Spirit   .   (helmet restricted)
rElec    .         Reflect  .   (no cloak)
rCorr    .         Harm     .   (no gloves)
MR       .....                  j - +1 pair of boots
Stlth    ++........             (no amulet)
HPRegen  0.25/turn              n - ring of positive energy
MPRegen  0.18/turn              (no ring)

@: no status effects
A: breathe steam, unfitting armour, cold-blooded, AC +7
a: Breathe Steam, Renounce Religion


You were on level 11 of the Dungeon.
You worshipped Vehumet.
Vehumet was greatly pleased with you.
You were not hungry.

You visited 2 branches of the dungeon, and saw 12 of its levels.

You collected 580 gold pieces.

Inventory:

Hand Weapons
 d - a +2 dagger of holy wrath (weapon)
 q - a +2 short sword of venom
Armour
 j - a +1 pair of boots (worn)
Jewellery
 n - a ring of positive energy (left hand)
Wands
 h - a wand of enslavement (18)
 o - a wand of acid (11) {@v2}
 u - a wand of random effects (15)
 v - a wand of iceblast (7) {@v4}
Scrolls
 a - a scroll of torment {unknown}
 c - 2 scrolls of teleportation {@r3}
 e - a scroll of brand weapon {unknown}
 f - 3 scrolls of magic mapping
 g - 4 scrolls of fear
 i - 3 scrolls of immolation
 k - a scroll of fog
 l - a scroll of enchant armour {unknown}
 m - a scroll of enchant weapon
 p - 3 scrolls of random uselessness {unknown}
 r - 2 scrolls of blinking {@r4}
 w - 3 scrolls of remove curse {@r2}
 y - 2 scrolls of identify {@r1}
Potions
 s - a potion of agility {@q5}
 t - a potion of cancellation
 x - a potion of flight
 z - a potion of curing {@q1}
 A - a potion of magic {unknown}
 B - a potion of mutation {unknown}
Comestibles
 b - 9 rations {@e1}


   Skills:
 - Level 6.4 Fighting
 + Level 5.5 Dodging
 - Level 1.7 Stealth
 + Level 8.0 Spellcasting
 + Level 10.3 Conjurations
 - Level 5.7 Ice Magic
 * Level 6.4 Air Magic


You had 5 spell levels left.
You knew the following spells:

 Your Spells              Type           Power        Failure   Level  Hunger
a - Freeze                Ice            ####         1%          1    None
b - Throw Frost           Conj/Ice       #####.       1%          2    None
c - Summon Ice Beast      Ice/Summ       ###.....     30%         4    ###....
d - Mephitic Cloud        Conj/Pois/Air  ####....     1%          3    #......
e - Iskenderun's Mystic   Conj           #####...     1%          4    ###....
o - Ozocubu's Armour      Chrm/Ice       ###.....     9%          3    #......
q - Throw Icicle          Conj/Ice       #####...     1%          4    ###....

Your spell library contained the following spells:

 Spells                   Type           Power        Failure   Level  Hunger
 Irradiate                Conj/Tmut      ####......   9%          5    #####..
 Dazzling Spray           Conj/Hex       ####..       1%          3    #......
 Ensorcelled Hibernation  Hex/Ice        ###...       4%          2    None
 Inner Flame              Hex/Fire       #.......     8%          3    #......
 Confusing Touch          Hex            #.....       10%         1    None
 Corona                   Hex            #......      10%         1    None
 Infusion                 Chrm           #...         10%         1    None
 Shroud of Golubria       Chrm/Tloc      #.........   14%         2    None
 Slow                     Hex            #.......     14%         2    None
 Song of Slaying          Chrm           #.......     14%         2    None
 Confuse                  Hex            #.......     28%         3    #......
 Gell's Gravitas          Tloc           #.........   28%         3    #......
 Portal Projectile        Hex/Tloc       #.....       28%         3    #......
 Regeneration             Chrm/Necr      #.........   28%         3    #......
 Spectral Weapon          Hex/Chrm       #.......     28%         3    #......
 Tukima's Dance           Hex            #.......     28%         3    #......
 Yara's Violent Unravell  Hex/Tmut       #.........   54%         5    #####..
 Metabolic Englaciation   Hex/Ice        ###.......   63%         5    #####..
 Cause Fear               Hex            #.........   67%         4    ###....
 Leda's Liquefaction      Hex/Erth       #.........   67%         4    ###....
 Petrify                  Tmut/Erth      #.......     67%         4    ###....


Dungeon Overview and Level Annotations

Branches:
Dungeon (11/15)            Temple (1/1) D:5             Orc (0/2) D:11
   Lair: D:8-11

Altars:
Ashenzari
Cheibriados
Dithmenos
Elyvilon
Fedhas
Gozag
Hepliaklqana
Kikubaaqudgha
Makhleb
Nemelex Xobeh
Okawaru
Qazlal
Ru
Sif Muna
Trog
Uskayaw
Vehumet
Wu Jian
Xom
Yredelemnul
Zin
The Shining One

Shops:
D:11 %

Annotations:
D:5 3 runed translucent doors, lapinsky's ghost, novice HOFi


Innate Abilities, Weirdness & Mutations

You can breathe blasts of scalding, opaque steam.
Your pale cyan-grey scales are hard. (AC +7)
You cannot fit into any form of body armour.
You are cold-blooded and may be slowed by cold attacks.


Message History

The polar bear is moderately wounded.
The polar bear bites you!
* * * LOW HITPOINT WARNING * * *
The polar bear barely misses you. The polar bear closely misses you.
Unknown command.
Evoke which item? (* to show all) (? for menu, Esc to quit)
Aiming: Corrosive Bolt
Press: ? - help, Shift-Dir - straight line, f - ice dragon, p - polar bear
Aim: an ice dragon The bolt of acid hits the polar bear!
The polar bear is splashed with acid.
The acid corrodes the polar bear!
The polar bear is heavily wounded.
The bolt of acid hits the polar bear!
The polar bear is splashed with acid.
The acid corrodes the polar bear!
The polar bear is moderately wounded.
The bolt of acid hits the ice dragon!
The ice dragon is splashed with acid.
The acid corrodes the ice dragon!
The ice dragon is lightly wounded.
The polar bear bites you!!
You die...

#.....................#####..###
#....)..........................
#....)>#....#####.########.####.
#...)..#.....# #...# #)###..
#.....######## #.(.# #)##...
#....##### ##### #.##..# #....#
#...# ######## #.##..# ######
......###.##...####.##...
.....Dhh@#.###...#......#
.....#h####..###........# #.. ##
##.#..........# # #.>.##.......#
###.####...#.... #<..# #.####...
###..# #.# ##.# #..##..#####.#
.............#


You could see an ice dragon and 3 polar bears.

Vanquished Creatures
  Psyche (D:8)
  A troll (D:9)
  3 hornets
  3 hippogriffs
  Sigmund (D:5)
  14 yaks
  Menkaure (D:4)
  Edmund (D:5)
  A soldier ant (D:9)
  An acid dragon (D:11)
  A water moccasin (D:5)
  A black bear (D:8)
  3 ice beasts
  A phantom (D:4)
  2 sky beasts
  A necrophage (D:10)
  2 eyes of draining (D:10)
  3 orc warriors
  A wolf (D:11)
  3 ogres
  A centaur (D:6)
  2 big kobolds
  Blork the orc (D:5)
  4 bullfrogs
  A water moccasin zombie (D:6)
  3 scorpions
  A water moccasin skeleton (D:8)
  12 killer bees
  4 wights (D:11)
  2 vampire bats (D:3)
  A howler monkey (D:5)
  3 crimson imps
  2 centaur zombies
  2 bullfrog skeletons
  5 orc priests
  2 centaur skeletons
  5 hounds
  5 jellies
  6 orc wizards
  Ijyb (D:5)
  5 iguanas
  9 worker ants
  A hound zombie (D:5)
  2 hound skeletons
  A worker ant zombie (D:7)
  3 gnolls (D:7)
  A howler monkey skeleton (D:5)
  18 adders
  6 shadow imps
  An ooze (D:2)
  An adder zombie (D:5)
  3 adder skeletons
  A worm (D:2)
  3 dart slugs
  12 leopard geckos
  41 orcs
  10 ball pythons
  13 bats
  3 giant cockroaches
  8 goblins
  5 hobgoblins
  17 jackals
  7 quokkas
  2 frilled lizards
  A hobgoblin zombie (D:6)
  A jackal zombie (D:5)
  15 kobolds
  3 quokka skeletons
  8 rats
  A rat zombie (D:6)
310 creatures vanquished.

Vanquished Creatures (collateral kills)
  A wyvern skeleton (D:6)
  A jelly (D:6)
  A centaur skeleton (D:6)
  4 jackals (D:6)
7 creatures vanquished.

Grand Total: 317 creatures vanquished

Notes
Turn   | Place    | Note
-------+----------+-------------------------------------------
     0 | D:1      | vatarom the Draconian Ice Elementalist began the quest for
                  | the Orb.
     0 | D:1      | Reached XP level 1. HP: 14/14 MP: 3/3
   294 | D:1      | Reached XP level 2. HP: 22/22 MP: 1/5
   298 | D:1      | Learned a level 2 spell: Throw Frost
   616 | D:1      | Reached skill level 1 in Fighting
   964 | D:2      | Found an ornate altar of the Wu Jian Council.
  1069 | D:2      | Reached XP level 3. HP: 15/28 MP: 0/6
  1336 | D:2      | Learned a level 3 spell: Ozocubu's Armour
  1628 | D:2      | Reached XP level 4. HP: 36/36 MP: 3/7
  2323 | D:3      | Reached XP level 5. HP: 41/41 MP: 9/9
  3101 | D:3      | Reached skill level 5 in Ice Magic
  3197 | D:3      | Learned a level 4 spell: Throw Icicle
  3232 | D:3      | Reached XP level 6. HP: 47/50 MP: 6/10
  3672 | D:4      | Reached skill level 2 in Conjurations
  3992 | D:4      | Your scales start taking on a pale cyan-grey colour.
  3992 | D:4      | Reached XP level 7. HP: 13/57 MP: 0/12
  4470 | D:4      | Reached skill level 3 in Conjurations
  4970 | D:5      | Entered Level 5 of the Dungeon
  4977 | D:5      | Noticed Edmund
  5022 | D:5      | Noticed Menkaure
  5028 | D:5      | Noticed Sigmund
  5033 | D:4      | Killed Menkaure
  5033 | D:4      | Reached skill level 4 in Conjurations
  5108 | D:5      | Found a runed translucent gate.
  5108 | D:5      | Found a runed translucent gate.
  5108 | D:5      | Found an opulent altar of Gozag.
  5108 | D:5      | Found a runed translucent gate.
  5108 | D:5      | Noticed a seven-headed hydra
  5109 | D:5      | Noticed lapinsky's ghost (novice HOFi)
  5570 | D:5      | Reached XP level 8. HP: 65/67 MP: 9/14
  5612 | D:5      | Learned a level 4 spell: Summon Ice Beast
  5708 | D:5      | Killed Edmund
  5708 | D:5      | Reached skill level 5 in Conjurations
  5846 | D:5      | Reached skill level 5 in Fighting
  6112 | D:5      | Noticed Ijyb
  6119 | D:5      | Killed Ijyb
  6313 | D:5      | Reached skill level 5 in Spellcasting
  6430 | D:5      | Found a staircase to the Ecumenical Temple.
  6447 | D:5      | Noticed Blork the orc
  6479 | D:5      | Killed Sigmund
  6479 | D:5      | Reached skill level 6 in Conjurations
  6782 | D:5      | Killed Blork the orc
  6994 | Temple   | Entered the Ecumenical Temple
  7007 | Temple   | Became a worshipper of Vehumet
  7973 | D:6      | Reached skill level 7 in Conjurations
  8257 | D:6      | Reached XP level 9. HP: 21/75 MP: 9/17
  8741 | D:6      | Reached * piety under Vehumet
  8741 | D:6      | Offered knowledge of Sandblast by Vehumet.
 10077 | D:7      | Reached skill level 8 in Conjurations
 11070 | D:8      | Reached ** piety under Vehumet
 11095 | D:8      | Offered knowledge of Searing Ray by Vehumet.
 11490 | D:8      | Noticed Psyche
 11496 | D:8      | Killed Psyche
 11496 | D:8      | Reached skill level 9 in Conjurations
 11870 | D:8      | Reached XP level 10. HP: 74/84 MP: 20/20
 12207 | D:9      | Offered knowledge of Mephitic Cloud by Vehumet.
 12213 | D:9      | Learned a level 3 spell: Mephitic Cloud
 12417 | D:9      | Reached skill level 1 in Air Magic
 12418 | D:9      | Paralysed by a hornet for 1 turns
 12878 | D:9      | Found a hazy altar of Hepliaklqana.
 13130 | D:9      | Reached *** piety under Vehumet
 13194 | D:9      | HP: 2/84 [yak (11)]
 14109 | D:10     | Entered Level 10 of the Dungeon
 14633 | D:10     | Offered knowledge of Iskenderun's Mystic Blast by Vehumet.
 14633 | D:10     | Reached skill level 10 in Conjurations
 14656 | D:10     | Learned a level 4 spell: Iskenderun's Mystic Blast
 15183 | D:10     | Reached skill level 5 in Dodging
 15188 | D:10     | Reached skill level 5 in Air Magic
 15913 | D:11     | Reached XP level 11. HP: 82/91 MP: 8/22
 16032 | D:11     | Found Salaoxtyrch's Food Boutique.
 16067 | D:11     | Reached **** piety under Vehumet
 16530 | D:11     | Found a staircase to the Orcish Mines.
 16538 | D:11     | Offered knowledge of Irradiate by Vehumet.
 16995 | D:11     | Noticed an ice dragon
 17015 | D:11     | Slain by a polar bear

Skill      XL: |  1  2  3  4  5  6  7  8  9 10 11 |
---------------+----------------------------------+-----
Fighting       | 1 2 3 4 6 |  6.4
Ice Magic      | 4 5 |  5.7
Spellcasting   | 3 4 5 6 7 8 |  8.0
Conjurations   | 2 4 7 9 10 | 10.3
Dodging        | 3 5 |  5.5
Air Magic      | 5 6 |  6.4
Stealth        | |  1.7

Action                   |  1- 3 |  4- 6 |  7- 9 | 10-12 || total
-------------------------+-------+-------+-------+-------++-------
Melee: Unarmed           |     3 |       |       |       ||     3
       Tailslap          |     3 |    14 |    64 |    38 ||   119
       Club              |     1 |       |    97 |       ||    98
       Dagger            |    33 |   168 |   164 |    49 ||   414
       Short sword       |       |       |   230 |   232 ||   462
 Cast: Freeze            |    46 |    60 |    80 |    32 ||   218
       Throw Frost       |     3 |    12 |    24 |    11 ||    50
       Ozocubu's Armour  |     1 |     1 |     2 |     1 ||     5
       Throw Icicle      |       |     3 |    22 |    30 ||    55
       Summon Ice Beast  |       |       |     2 |       ||     2
       Mephitic Cloud    |       |       |       |     9 ||     9
       Iskenderun's Myst |       |       |       |     4 ||     4
 Abil: Breathe Steam     |       |       |    11 |     9 ||    20
Evoke: Wand              |       |       |       |     1 ||     1
  Use: Scroll            |     2 |     5 |     6 |     3 ||    16
       Potion            |     2 |     5 |     7 |     2 ||    16
 Stab: Sleeping          |     1 |     6 |     6 |     3 ||    16
       Confused          |       |       |       |     4 ||     4
       Distracted        |       |       |       |     1 ||     1
  Eat: Chunk             |     3 |     5 |    14 |     8 ||    30
       Ration            |       |     2 |     5 |     5 ||    12
Armor: Skin              |    30 |   107 |   286 |    94 ||   517
Dodge: Dodged            |    52 |   179 |   527 |   273 ||  1031
